 Dungeon Crawl Stone Soup version 0.20.1-1-g8b1a95d (webtiles) character file.

67 n0claF the Caller (level 3, -5/19 HPs)
             Began as a Deep Elf Summoner on Oct 26, 2017.
             Shot with a sling bullet by a goblin (10 damage)
             ... led by Robin
             ... on level 2 of the Dungeon.
             The game lasted 00:11:01 (2274 turns).

n0claF the Caller (Deep Elf Summoner)               Turns: 2274, Time: 00:11:02

Health: -5/19      AC:  2    Str:  5    XL:     3   Next: 98%
Magic:  1/10       EV: 12    Int: 20    God:
Gold:   151        SH:  0    Dex: 15    Spells: 7/10 levels left

rFire    . . .     SeeInvis .   e - +0 whip
rCold    . . .     Gourm    .   (no shield)
rNeg     . . .     Faith    .   a - +0 robe
rPois    .         Spirit   .   (no helmet)
rElec    .         Reflect  .   (no cloak)
rCorr    .         Harm     .   (no gloves)
MR       .....                  (no boots)
Stlth    ++........             (no amulet)
Regen    0.1/turn               (no ring)
MPRegen  0.2/turn               (no ring)

@: heavily drained
A: no striking features
a: no special abilities


You were on level 2 of the Dungeon.
You were not hungry.

You visited 1 branch of the dungeon, and saw 2 of its levels.

You collected 151 gold pieces.

Inventory:

Hand Weapons
 e - a +0 whip (weapon)
 j - a +0 dagger
Armour
 a - a +0 robe (worn)
Jewellery
 i - a +4 ring of protection {unknown}
Scrolls
 g - a scroll of enchant armour {unknown}
 h - 2 scrolls of identify {unknown}
 l - a scroll of recharging {unknown}
 m - 2 scrolls of teleportation {unknown}
Potions
 f - a potion of lignification {unknown}
 k - a potion of heal wounds {unknown}
Books
 b - a book of Callings

   Spells                             Type                      Level
   a - Summon Small Mammal            Summoning                    1
   b - Call Imp                       Summoning                    2
   c - Call Canine Familiar           Summoning                    3
   d - Summon Guardian Golem          Hexes/Summoning              3
   e - Summon Lightning Spire         Summoning/Air                4
   f - Summon Ice Beast               Ice/Summoning                4
Comestibles
 c - 4 bread rations
 d - 4 royal jellies
 n - a chunk of flesh


   Skills:
 + Level 2.4(1.2) Dodging
 + Level 2.7(1.6) Stealth
 + Level 4.2(3.0) Spellcasting
 + Level 5.4(4.1) Summonings


You had 7 spell levels left.
You knew the following spells:

 Your Spells              Type           Power        Failure   Level  Hunger
a - Summon Small Mammal   Summ           ###.         2%          1    None
b - Call Imp              Summ           ###.....     3%          2    ##.....


Dungeon Overview and Level Annotations

Branches:
Dungeon (2/15)

Altars:
Ashenzari

Annotations:
D:2 Robin


Message History

Confirm with . or Enter, or press ? or * to list all spells.
A beastly little devil appears in a puff of flame.
The goblin closely misses you.
Your crimson imp barely misses the goblin.
Your crimson imp closely misses the goblin.
Your crimson imp blinks!
The goblin barely misses your crimson imp.
Your crimson imp misses the goblin.
Robin throws the goblin at you! The goblin hits you with a dagger.
The goblin hits your crimson imp but does no damage.
Your crimson imp hits the goblin.
Your crimson imp barely misses the goblin.
Something hits your crimson imp.
Your crimson imp closely misses the goblin.
The goblin unwields an uncursed dagger.
The goblin wields a hunting sling.
The goblin shoots a sling bullet.
The sling bullet hits you!
* * * LOW HITPOINT WARNING * * *
The goblin shoots a sling bullet.
The sling bullet hits you!
Ouch! That really hurt!
You die...

#..............#g# g
#...........†..#.#
#..............#g#
#..............#5#
#..............#.#
#..............#5###
###'############...#
#.##############g#
#....@...gg5.5.g§#
##################


You could see 2 goblins and a friendly crimson imp.

Vanquished Creatures (collateral kills)
  Jessica (D:2)
  A gnoll (D:1)
  2 adders (D:2)
  An ooze (D:2)
  2 worms (D:2)
  2 dart slugs (D:1)
  A leopard gecko (D:1)
  3 giant cockroaches
  9 goblins
  6 hobgoblins
  4 jackals (D:2)
  6 bats
  4 frilled lizards
  5 kobolds
  2 rats (D:1)
49 creatures vanquished.

Notes
Turn   | Place    | Note
-------+----------+-------------------------------------------
     0 | D:1      | n0claF the Deep Elf Summoner began the quest for the Orb.
     0 | D:1      | Reached XP level 1. HP: 10/10 MP: 6/6
   143 | D:1      | Reached XP level 2. HP: 12/15 MP: 4/8
   147 | D:1      | Learned a level 2 spell: Call Imp
   729 | D:1      | Reached skill level 5 in Summonings
  1072 | D:2      | Found a shattered altar of Ashenzari.
  1277 | D:2      | Reached XP level 3. HP: 3/19 MP: 6/10
  2080 | D:2      | Noticed Jessica
  2090 | D:2      | Killed Jessica
  2230 | D:2      | Noticed Robin
  2274 | D:2      | Shot with a sling bullet by a goblin

Skill      XL: |  1  2  3 |
---------------+----------+-----
Summonings     | 5 |  5.4
Spellcasting   | 4 |  4.2
Dodging        | |  2.4
Stealth        | |  2.7

Action                   || total
-------------------------++-------
 Cast: Summon Small Mamm ||    18
       Call Imp          ||    50
  Eat: Chunk             ||     7
Armor: Robe              ||    14
Dodge: Dodged            ||    34
